[Event "Fagernes Chess GM-Swiss 2024"]
[Site "Fagernes"]
[Date "2024.03.25"]
[Round "2"]
[White "Kenneskog, Theodor"]
[Black "Pranav Anand"]
[Result "0-1"]
[ECO "B90"]
[WhiteElo "2358"]
[BlackElo "2519"]
[Annotator "TA"]
[PlyCount "102"]
[EventDate "2024.03.25"]
[EventType "swiss"]
[EventCountry "NOR"]
[SourceTitle "playchess.com"]
[Source "ChessBase"]
[SourceQuality "1"]
[TimeControl "40/6000+30:2400+30"]

1. e4 c5 2. Nf3 d6 3. d4 cxd4 4. Nxd4 Nf6 5. Nc3 a6 6. Be3 e5 7. Nb3 Be6 8. f3 h5 9. Nd5 {[%emt 0:00:20] B90: Sizilianisch (Najdorf-Variante, Abweichungen).} Bxd5 10. exd5 Nbd7 11. Qd2 g6 12. O-O-O Bg7 13. Kb1 Rc8 $1 {[%emt 0:00:10][%mdl 4] ist inzwischen erfolgreicher als 13...Qc7.} 14. c4 b6 15. Be2 O-O 16. g4 a5 $146 ({Predecessor:} 16... e4 17. gxh5 exf3 18. Bxf3 Ne5 19. Qg2 Nxf3 20. Qxf3 Nxh5 21. Rc1 Re8 22. Rhf1 Qc7 {½-½ Laine,E (2178)-Traut,G (2194) W-ch WS/M/882 email 2023}) 17. g5 Nh7 18. Na1 Nc5 19. Nc2 Na4 20. b3 Nc5 21. Na3 f5 22. Nb5 Qd7 23. h4 Rfe8 24. Rde1 Nf8 25. Bd1 Bh8 26. Bc2 Qe7 27. Bd4 Nfd7 28. Bb2 Qf8 29. Re2 Na6 30. a3 Ndc5 31. b4 axb4 (31... Nd7 $14 {kam in Betracht.}) 32. axb4 $16 Nd7 33. Bb3 (33. Na3 $16) 33... Ra8 $14 34. Rhe1 (34. Kc2 $14) 34... Kh7 35. Bc2 Rec8 36. Bd3 (36. Bb3 $1 $11 {war der einzige Weg, das Gleichgewicht zu halten.}) 36... Nc7 $1 $17 37. Nd4 Re8 (37... b5 {wäre vielleicht verwirrender.} 38. c5 dxc5 39. Nxf5 c4) 38. Nb3 (38. Nc6 $11 {hält das Gleichgewicht.}) 38... b5 39. c5 (39. cxb5 Nxd5 40. Na5 (40. Bc4 Nf4 $17) 40... Nf4 $11) 39... dxc5 ({Günstiger ist} 39... Bg7 $15) 40. d6 $1 $11 Na6 (40... Qxd6 $2 41. Bxf5 Qxd2 42. Rxd2 $18) (40... Ne6 $14 41. Bxb5 Red8) 41. Bxb5 $18 Qf7 {[%emt 0:11:01] [#]} (41... Red8 $142) 42. Bxd7 $1 $18 Nxb4 43. Nc1 $4 (43. Bxe8 Qxb3 $17) (43. Nxc5 $18 {nur so kann Weiss gewinnen.} Qa2+ 44. Kc1) 43... Qxd7 $19 44. Bxe5 Rab8 $2 {[%emt 0:03:51] [#]} (44... Rxe5 $19 45. Rxe5 Bg7) 45. Bxh8 $1 $16 (45. Nb3 Bxe5 46. Rxe5 Rxe5 47. Rxe5 Nc6 $19) 45... Nd3+ 46. Ka1 $2 (46. Bb2 $14 Rxe2 (46... Rxb2+ $2 {verliert.} 47. Qxb2 Rxe2 48. Rxe2 $18) 47. Qxe2 (47. Rxe2 Nxb2 $17) 47... Nxb2 (47... Rxb2+ $2 48. Qxb2 Nxe1 49. Qb8 $18) 48. Qe7+ Qxe7 49. Rxe7+ Kg8 50. Kc2) 46... Nxe1 $19 47. Bb2 Nxf3 48. Qf4 Nd4 49. Rd2 Re6 (49... Nb3+ $142 50. Nxb3 Rxb3 (50... Rb4 $2 51. Qf1 $19) 51. Ka2 Re4 52. Qxe4 Rxb2+ (52... fxe4 $2 53. Kxb3 e3 54. Rd1 $19) 53. Kxb2 fxe4 54. Rd1 e3 55. Kc1 e2 56. Re1 Qxd6 57. Rxe2 Qf4+ 58. Rd2 Qxh4 59. Rd7+ Kg8 60. Rd8+ Kf7 61. Rd7+ Ke6 62. Ra7 Qxg5+ 63. Kc2 h4 64. Rh7 Qe3 65. Kb2 h3 66. Ka2 Qg3 67. Kb2 h2 68. Kc2 Qg2+ 69. Kd3 h1=Q (69... h1=R 70. Rxh1 Qxh1 71. Ke2 Qe4+ 72. Kf1 Kf5 73. Kf2 Kg4 74. Kg1 Qe2 75. Kh1 Kg3 76. Kg1 Qg2#) (69... Qd5+ 70. Ke3 h1=Q 71. Rxh1 Qxh1 72. Ke2 Qd5 73. Kf2 Qd2+ 74. Kg3 Kf5 75. Kf3 g5 76. Kg3 g4 77. Kh4 Qh2#) 70. Rxh1 Qxh1 71. Kd2 Qf3 72. Kc2 Kd5 73. Kb2 Kc4 74. Kb1 Kc3 75. Ka1 Qf2 76. Kb1 Qb2#) 50. Bxd4 Re4 51. Qf2 cxd4 (51... Rxd4 $142 52. Rxd4 cxd4 (52... Qa7+ $2 53. Qa2 $19) 53. Qa2 d3 (53... Qxd6 54. Qa7+ Kh8 55. Nd3 $19) 54. Nxd3 Qg7+ (54... Qxd6 $2 55. Qf7+ Kh8 56. Qf6+ Qxf6+ 57. gxf6 $19) (54... Qb7 $2 55. Nb4 $19) 55. Qb2 Rxb2 56. Nxb2 Qd4 57. Kb1 Qxd6 58. Kc2 Qh2+ 59. Kc3 Qxh4 60. Kd3 Qxg5 61. Nc4 h4 62. Ne5 h3 63. Nf3 Qf4 64. Ke2 Qg3 (64... h2 {ist ein Selbstmatt.} 65. Nxh2 Qxh2+ 66. Kd3 f4 67. Ke4 Qd2 68. Ke5 f3 69. Ke6 f2 70. Ke7 f1=Q 71. Ke8 Qfe2+ 72. Kf8 Qf4#) 65. Ke3 h2 66. Kd4 Qxf3 (66... h1=R {wird mattgesetzt.} 67. Ne5 Rd1+ 68. Kc4 Qxe5 69. Kb4 Qb2+ 70. Kc4 Qc2+ 71. Kb5 Rb1+ 72. Ka6 Qa4#) (66... h1=Q 67. Nd2 Qd6+ 68. Kc4 Qc1+ 69. Kb5 Qcc6+ 70. Ka5 Qxd2#) 67. Kc4 h1=Q (67... h1=B 68. Kb4 Qc6 69. Ka5 Be4 70. Kb4 Bd5 71. Ka5 Qc5+ 72. Ka6 Qb4 73. Ka7 Qb7#) 68. Kb4 Qb7+ 69. Kc4 Qhe4+ 70. Kc5 Qed5#) 0-1

[Event "Fagernes Chess GM-Swiss 2024"]
[Site "Fagernes"]
[Date "2024.03.25"]
[Round "2"]
[White "Nielsen, Viktor Haarmark"]
[Black "Can, Isik"]
[Result "1/2-1/2"]
[ECO "D12"]
[WhiteElo "2351"]
[BlackElo "2493"]
[Annotator "TA"]
[PlyCount "207"]
[EventDate "2024.03.25"]
[EventType "swiss"]
[EventCountry "NOR"]
[SourceTitle "playchess.com"]
[Source "ChessBase"]
[SourceQuality "1"]
[TimeControl "40/6000+30:2400+30"]

1. d4 d5 2. c4 c6 3. Nf3 Nf6 4. e3 Bf5 5. Nc3 e6 6. Nh4 Be4 7. f3 Bg6 8. Qb3 Qc7 9. Nxg6 hxg6 10. cxd5 cxd5 11. Bd2 Nc6 12. O-O-O Be7 13. Kb1 O-O 14. h4 a6 15. Bd3 b5 16. Ne2 Na5 17. Bxa5 Qxa5 18. g4 Rfc8 19. g5 Nh5 20. e4 Qb4 21. Qxb4 Bxb4 22. Bc2 Rd8 23. Bb3 a5 24. a3 Bf8 25. a4 Rab8 26. Rc1 bxa4 27. Bxa4 dxe4 28. fxe4 Rb4 29. Bc6 e5 30. Bd5 (30. dxe5 $2 Rd2 31. Nc3 (31. Rc2 $2 Rxc2 32. Kxc2 Rc4+ 33. Nc3 Rxc6 $19) 31... Rbxb2+ 32. Ka1 Nf4 $19) 30... exd4 31. Rh3 (31. Rhd1 $5 Rdb8 32. Rc2 $17) 31... Kh7 32. Rd3 f5 33. Rc6 Bd6 ({Vorzuziehen ist} 33... Kh8 $11) 34. exf5 $14 (34. Nxd4 $2 Nf4 35. Rd2 Be5 $19) (34. Rxd4 Rxd4 35. Nxd4 Nf4 $11) 34... gxf5 35. Rxd4 {[%emt 0:10:44] Weiß steht aktiver.} (35. Nxd4 Nf4 36. g6+ Kxg6 $17) (35. Bf7 $1 $14 Nf4 (35... g6 $2 36. Rxd4 Rxd4 37. Nxd4 $18) 36. Rxd4 (36. Rxd6 Rxb2+ 37. Ka1 Rxd6 $11) 36... Rxd4 (36... Nxe2 37. Rdxd6 Rf8 38. Bc4 $16) 37. Nxd4) 35... Ng3 (35... Be5 $1 $11 36. Rxb4 axb4) 36. Rxb4 (36. Bf7 $1 $14 Nxe2 37. Rdxd6) 36... Bxb4 (36... axb4 {vereinfacht} 37. Nxg3 Bxg3 38. Be6 Kg6) 37. Bf3 (37. Nf4 $2 Bd2 38. Rc5 Bxf4 $19) 37... Rd3 38. Nxg3 {[%emt 0:01:21] [#] Droht Matt per g6+.} Rxf3 $15 {[%emt 0:00:01][%mdl 4096] Endspiel. KRB-KRN} 39. Nh5 Rh3 40. Rc7 Rxh4 41. Nxg7 {[%emt 0:40:10] Zielt auf Ne6+ ab.} Kg6 {[%emt 0:41:34][%cal Oh4e4] [#] ...Re4! wäre nun fies.} 42. Ne6 {[%emt 0:00:38] Und jetzt Rg7+ wäre schön.} f4 {[%emt 0:00:00] Droht ...f3 und aus.} 43. Rc4 Bd2 (43... Kf5 $5 44. Nd4+ $8 Kg6 $11 (44... Kxg5 $2 45. Nf3+ Kg4 46. Nxh4 $18)) 44. Kc2 Be3 45. Ra4 (45. Rc6 $11) 45... Rh2+ ({Besser ist} 45... Kf5 $15 46. Nxf4 Bxf4 (46... Rxf4 47. Rxa5+ Kg6 48. Ra6+ Kxg5 49. b4 $15) 47. Rxa5+ Be5) 46. Kd3 $11 Kf5 47. Nxf4 Bxf4 $15 48. Rxa5+ $11 {[%emt 0:00:00] KRB-KR} Kg6 49. b4 Bxg5 50. b5 Rb2 (50... Rh4 $15 {war vorzuziehen.}) 51. Kc4 Kf6 52. Kc3 Rb1 53. Kc2 Rc1+ 54. Kd3 Ke6 55. b6 Bf4 56. Rb5 Bb8 57. b7 Kd6 58. Rb3 Rg1 59. Ke4 Kc6 60. Rc3+ Kxb7 (60... Kb6 {wäre vielleicht verwirrender.} 61. Rb3+ Kc7 62. Kd3 Rg8) 61. Rc2 Rg5 62. Rc4 Bd6 63. Rc1 Bc5 64. Rd1 Kc6 65. Rd3 Bd6 66. Rd2 Re5+ 67. Kf3 Rf5+ 68. Ke4 Rf4+ 69. Ke3 Rh4 70. Kf3 Kd7 71. Re2 Rf4+ 72. Ke3 Ke6 73. Ra2 Rc4 74. Ra8 Kd5 75. Rd8 Rc3+ 76. Kd2 Rh3 77. Ke2 Ke5 78. Re8+ Kf4 79. Re6 Be5 80. Re8 Ke4 81. Re7 Rh2+ 82. Ke1 Kd4 83. Kf1 Bf4 84. Re2 Rh3 85. Kg2 Ra3 (85... Rg3+ $2 86. Kf2 $19) 86. Re8 Be5 (86... Rg3+ $2 87. Kf2 $19) 87. Kf2 Ke4 88. Ke2 {[%emt 0:00:00] Die Stellung ist ausgeglichen.} Ra2+ 89. Ke1 Kd4 90. Kf1 $1 Rb2 91. Re7 Bf4 92. Re2 Rb3 93. Re8 Bg3 94. Kg2 Bh4 95. Re6 Bg3 (95... Rg3+ $2 96. Kf1 $19) 96. Re8 Be5 97. Kf2 Re3 ({Keinesfalls} 97... Ke4 98. Ke1 $15) 98. Rd8+ Ke4 99. Rd7 Bg3+ 100. Kg2 Bh4 101. Rb7 $1 Re2+ 102. Kh3 Bf6 103. Rb4+ Kf5 {[%emt 0:01:25] ( -> ...Be5)} 104. Kg3 {[%emt 0:00:18] Gewichteter Fehlerwert: Weiß=0.10 (sehr präzise) /Schwarz=0.10 (sehr präzise) .  Fehler:       	Weiß=4     	Schwarz=4     Ungenau:       	Weiß=7     	Schwarz=5     OK:         	Weiß=34    	Schwarz=33    Bester:       	Weiß=5     	Schwarz=1     Stark:        	Weiß=2     	---} 1/2-1/2

[Event "Fagernes Chess GM-Swiss 2024"]
[Site "Fagernes"]
[Date "2024.03.25"]
[Round "2"]
[White "Carlsson, Ludvig"]
[Black "Ghasi, Ameet K"]
[Result "0-1"]
[ECO "E94"]
[WhiteElo "2350"]
[BlackElo "2485"]
[Annotator "TA"]
[PlyCount "78"]
[EventDate "2024.03.25"]
[EventType "swiss"]
[EventCountry "NOR"]
[SourceTitle "playchess.com"]
[Source "ChessBase"]
[SourceQuality "1"]
[TimeControl "40/6000+30:2400+30"]

1. d4 Nf6 2. Nf3 g6 3. c4 Bg7 4. Nc3 O-O 5. e4 d6 6. Be2 Nbd7 7. O-O e5 8. Qc2 Qe7 9. dxe5 dxe5 10. Nd5 Qd8 11. Rd1 {[%emt 0:04:50] White is slightly better.} Re8 12. b4 c6 13. Nxf6+ Bxf6 14. c5 Qe7 15. Bh6 Nf8 16. Bxf8 Rxf8 17. Rd6 a5 18. Qc3 axb4 19. Qxb4 Kg7 20. Nd2 Qc7 21. Nc4 Be6 22. Nb6 Rad8 23. Rad1 Be7 ({But not} 23... Bxa2 $6 24. Nd7 Be6 25. Nxf8 Rxf8 26. Qa3 $16 (26. Bc4 Bg4 $16)) 24. a4 Kg8 {[%emt 0:04:17] [#]} (24... Bxd6 $15 25. cxd6 c5) 25. a5 Bxd6 $15 26. cxd6 c5 $1 27. Qd2 Qc6 28. f3 $2 {[%emt 0:00:56] White does not recover from this.} ({Better is} 28. d7 $1 $15) 28... c4 29. Qb4 c3 {[%emt 0:01:11] ...c2 is the strong threat.} 30. Bb5 (30. d7 $142 c2 (30... Bxd7 $2 31. Rc1 $19) 31. Rc1 Bxd7 32. Qc4) 30... c2 $19 31. Rc1 Qxd6 32. Qxd6 Rxd6 33. Rxc2 Rd1+ 34. Kf2 Rfd8 35. Rc7 $2 (35. Kg3 {was called for.}) 35... R8d2+ 36. Ke3 Rb2 37. Ba4 Ra1 {[%emt 0:00:07] ( -> ...Ra3+)} 38. Bd7 {[%emt 0:00:04] [#]} (38. Rc2 $19 Rxc2 39. Bxc2) 38... Ra3+ 39. Rc3 Rxc3# {[%emt 0:00:04] Weighted Error Value: White=0.61/Black=0.15 (very precise) .  Loses game:     	White=1     	---        Mistake:       	White=4     	Black=1      Inaccurate:     	White=3     	Black=3      OK:         	White=12    	Black=14     Best:        	---       	Black=2      Strong:       	---       	Black=1} 0-1

[Event "Fagernes Chess GM-Swiss 2024"]
[Site "Fagernes"]
[Date "2024.03.25"]
[Round "2"]
[White "Elmi, Saad Abobaker"]
[Black "Hillarp Persson, Tiger"]
[Result "1-0"]
[ECO "B90"]
[WhiteElo "2344"]
[BlackElo "2473"]
[Annotator "TA"]
[PlyCount "81"]
[EventDate "2024.03.25"]
[EventType "swiss"]
[EventCountry "NOR"]
[SourceTitle "playchess.com"]
[Source "ChessBase"]
[SourceQuality "1"]
[TimeControl "40/6000+30:2400+30"]

1. e4 c5 2. Nf3 d6 3. d4 cxd4 4. Nxd4 Nf6 5. Nc3 a6 6. h3 e5 7. Nde2 h5 8. g3 Be7 9. Bg2 b5 {[%emt 0:00:32] White has an edge.} 10. a4 ({White should try} 10. Nd5 $14) 10... b4 $11 11. Nd5 Nxd5 12. Qxd5 Ra7 13. Be3 Be6 14. Qd3 Rb7 15. f4 f6 16. Kf2 (16. f5 $11 Bf7 17. b3) 16... Qc8 $15 17. Rac1 Nd7 18. f5 Nc5 19. Qd2 Bd7 20. b3 Qc6 (20... Bc6 $17 21. Bxc5 dxc5) 21. Qd5 Qxd5 (21... Rc7 {keeps more tension.} 22. g4 h4 23. Bf3 a5) 22. exd5 Rc7 (22... Bxf5 23. Bxc5 h4 (23... dxc5 24. d6 $14) 24. Be3 $18) 23. g4 h4 {[%emt 0:00:36][%cal Og7g6] Dodges Ng3} 24. Bxc5 Rxc5 25. c3 Kf7 (25... bxc3 $11 26. Nxc3 Bd8) 26. cxb4 $16 Rxc1 27. Rxc1 Rb8 28. Rc4 Bd8 29. Be4 Bb6+ 30. Ke1 Be3 31. Kd1 Ke7 32. Kc2 Bf2 33. Nc1 ({White should play} 33. Bd3) 33... Be3 34. Ne2 Bf2 $1 35. Bd3 Be1 {[%emt 0:03:30] [#]} 36. Nc3 $1 Bf2 37. Re4 Bd4 {[%emt 0:00:33] [#]} 38. Ne2 $1 $36 {[%emt 0:00:41][%mdl 2048] Black is under strong pressure.} ({Resist} 38. Bxa6 g6) 38... Rc8+ $2 (38... Bb6 39. Bxa6 g6) 39. Kd2 $18 Bb2 (39... Bb6 {was worth a try.} 40. a5 (40. Bxa6 Ra8 $18) 40... Bf2 41. Bxa6 Ra8) 40. Bxa6 Rc7 41. Bc4 {[%emt 0:40:57] Weighted Error Value: White=0.14 (very precise) /Black=0.30.  Mistake:       	White=3     	Black=4      Inaccurate:     	White=3     	Black=2      OK:         	White=14    	Black=11     Best:        	White=3     	---        Strong:       	White=1     	Black=1} 1-0

[Event "Fagernes Chess GM-Swiss 2024"]
[Site "Fagernes"]
[Date "2024.03.25"]
[Round "2"]
[White "Vestby-Ellingsen, Mads"]
[Black "Kvaloy, Aksel Bu"]
[Result "0-1"]
[ECO "D00"]
[WhiteElo "2336"]
[BlackElo "2454"]
[Annotator "TA"]
[PlyCount "170"]
[EventDate "2024.03.25"]
[EventType "swiss"]
[EventCountry "NOR"]
[SourceTitle "playchess.com"]
[Source "ChessBase"]
[SourceQuality "1"]
[TimeControl "40/6000+30:2400+30"]

1. d4 Nf6 2. Bg5 d5 3. e3 g6 4. Bxf6 exf6 5. c4 dxc4 6. Bxc4 Bd6 {[%emt 0:00:35] D00: Damenbauernspiele.} 7. Nc3 Nd7 $1 {[%emt 0:01:21][%mdl 4] punktet besser als das ältere 7...0-0.} 8. Nf3 f5 9. O-O O-O 10. Qc2 c6 11. Rfe1 Nf6 12. a3 Qe7 13. Rad1 Bd7 14. h3 Kg7 $146 ({Predecessor:} 14... Rab8 15. b4 Ra8 16. Rb1 Kg7 17. Bd3 Rfe8 18. e4 fxe4 19. Nxe4 Nxe4 20. Rxe4 Qf6 {0-1 Sladek,V (1817)-Doronkin,S W-ch WS/O/1051 email 2018}) 15. Bd3 Rfe8 16. Nd2 Rad8 17. Qc1 Bb8 18. Na4 Ne4 19. Nf1 h5 20. b4 h4 21. Qb2 Qg5 22. f3 Ng3 23. f4 Qf6 24. Nh2 b6 25. Nf3 c5 26. Nc3 Bc6 27. bxc5 Bxf3 28. gxf3 bxc5 29. d5 Rxd5 30. Bb5 Rxd1 31. Nxd1 Rd8 32. Bc4 Bc7 33. Qxf6+ Kxf6 34. Nc3 Ba5 35. Rd1 Rxd1+ 36. Nxd1 Ke7 37. Nb2 Bd2 38. Kf2 f6 39. Nd3 Kd6 40. Ba2 Kc6 41. Bc4 Kb6 42. Bf7 g5 43. fxg5 fxg5 44. Bc4 f4 45. exf4 Bxf4 46. Be6 Kc6 47. Ne1 Kd6 48. Ba2 (48. Bf7 $142) 48... Ke5 $19 49. Nc2 Bc1 50. a4 Nh5 51. Bc4 Nf4 52. Bf1 Bd2 53. Na3 Bb4 54. Nc2 a5 55. Ke3 $2 (55. Kg1 {kämpft weiter.}) 55... Nd5+ $19 56. Kf2 Nc3 57. Ne1 Nxa4 58. Ng2 Bd2 59. Ke2 Bf4 60. Kd3 Kd5 61. Be2 c4+ 62. Kc2 Kd4 63. Bf1 Nc3 64. Kb2 Nd5 (64... a4 $142 65. Ka3 Bd6+ 66. Kb2 a3+ 67. Ka1 Bg3 68. f4 gxf4 (68... Bxf4 69. Nxf4 gxf4 70. Bxc4 f3 71. Bf1 Nd5 72. Kb1 Nb4 73. Ka1 Kc3 74. Bb5 Kb3 75. Ba4+ Kxa4 76. Kb1 Kb3 77. Kc1 Kc3 78. Kd1 a2 79. Ke1 Nd3+ 80. Kf1 a1=Q#) 69. Nxh4 Bxh4 70. Bxc4 f3 71. Bf7 Bg5 (71... f2 72. Bc4 Bg5 73. Ba6 Bc1 74. h4 Bb2#) 72. Bg6 Bc1 73. Bh7 Bb2#) 65. Ne1 c3+ (65... Ne3 $142 66. Be2 a4 67. Ka3 Bg3 68. Ng2 Nxg2 69. Bd1 Nf4 70. Kxa4 Nxh3 71. Kb4 Nf2 72. Bc2 h3 73. Bg6 Nd3+ 74. Kb5 h2 75. Bxd3 cxd3 (75... h1=R $2 76. Bf5 $19) 76. Kb6 h1=Q (76... h1=R {ist ein Selbstmatt.} 77. Kc6 d2 78. Kd7 d1=Q 79. Ke7 Qxf3 80. Ke6 Rh6+ 81. Kd7 Rh7+ 82. Ke8 Qa8#) 77. Kc6 d2 (77... Qxf3+ {wird mattgesetzt.} 78. Kd7 Qf6 79. Kc8 Qf7 80. Kd8 Kc5 81. Kc8 Qc7#) 78. Kd7 Qh7+ (78... d1=B {führt zum Matt.} 79. Ke7 Qxf3 80. Ke6 Qf8 81. Kd7 Qd6+ 82. Ke8 Bh5#) 79. Ke8 Bd6 (79... d1=B 80. f4 Bh5+ 81. Kd8 Bxf4 82. Kc8 Qc7#) (79... d1=Q $2 80. Kd8 Qxf3 81. Ke8 Qa8#) 80. Kd8 Qe7+ 81. Kc8 Qc7#) 66. Kb1 $19 Ke3 67. Bc4 Nb6 68. Be6 Kd2 69. Nc2 Na4 70. Nd4 Nb2 71. Nc2 Na4 $2 (71... Nd3 $19 72. Bd7 Nf2) 72. Bf5 $2 (72. Nd4 $11 Nb2 73. Bf5) 72... Nc5 $19 73. Na3 a4 74. Nc4+ Kd1 75. Na3 Nb3 76. Bc2+ Ke2 77. Bg6 Kxf3 78. Kc2 Kg3 79. Kxc3 Kxh3 80. Bf5+ Kg3 81. Nc2 h3 82. Kb4 h2 83. Be4 Kf2 84. Bc6 g4 85. Kxa4 g3 0-1

[Event "Fagernes Chess GM-Swiss 2024"]
[Site "Fagernes"]
[Date "2024.03.25"]
[Round "2"]
[White "Dushyant Sharma"]
[Black "Chasin, Nico"]
[Result "1/2-1/2"]
[ECO "B48"]
[WhiteElo "2331"]
[BlackElo "2447"]
[Annotator "TA"]
[PlyCount "56"]
[EventDate "2024.03.25"]
[EventType "swiss"]
[EventCountry "NOR"]
[SourceTitle "playchess.com"]
[Source "ChessBase"]
[SourceQuality "1"]
[TimeControl "40/6000+30:2400+30"]

1. e4 c5 2. Nf3 e6 3. d4 cxd4 4. Nxd4 Nc6 5. Nc3 Qc7 6. Be3 a6 7. Qf3 Bd6 {[%emt 0:06:40] Against Qg3} 8. Nxc6 bxc6 9. Bd4 {[%emt 0:07:38] White has an edge.} Nf6 10. Bd3 Rb8 11. Nd1 c5 (11... e5 {simplifies} 12. Bc3 O-O 13. O-O Re8) 12. Bxf6 gxf6 13. Qxf6 Be5 14. Qh4 c4 $1 15. Be2 Qa5+ 16. Kf1 Qd2 (16... Bxb2 {simplifies} 17. Nxb2 Qc3 18. Qg3 Qxg3 19. hxg3 Rxb2 20. Bxc4 Rxc2 21. Bb3 Rb2) 17. Ne3 {[%emt 0:04:25][%cal Oa1d1,Bd1e3,Be3c4,Bc4e5][%mdl 32] Hoping for Rd1!} Rxb2 (17... Bxb2 $6 18. Nxc4 Qc3 19. Nd6+ Kf8 20. Qh5 $16) 18. Nxc4 {[%emt 0:19:05] [#]} (18. Rd1 $5 Qc3 $8 19. Qh5 $16) 18... Rxa2 $1 19. Re1 $132 {[%emt 0:00:14][%mdl 2048] White puts up resistance. Some like it hot} (19. Nd6+ $2 Bxd6 20. Qf6 Rg8 $19 (20... Rxc2 $2 21. Qf3 $19)) 19... Qc3 (19... Qxc2 $2 20. Nxe5 Qc5 21. Qf6 $18) 20. Bd3 Rxc2 (20... Ra1 21. Ke2 Rxe1+ 22. Rxe1 $16) 21. Nxe5 (21. Bxc2 $2 {loses.} Qxc4+ 22. Re2 a5 $19) 21... Rc1 22. Ke2 Qb2+ {[%emt 0:01:34][%mdl 8192] [#]} (22... Rxe1+ $11 23. Rxe1 Qb2+ 24. Kf1 Qxe5) 23. Ke3 $2 ({White must play} 23. Kf3 $18 Rc5 (23... Rxe1 $2 24. Qf6 $18) 24. Ng4) 23... Rxe1+ $11 {[%emt 0:00:38] The position is equal.} 24. Rxe1 Qxe5 25. Rc1 Bb7 26. f4 Qa5 27. Qf6 {[%emt 0:03:23] Active counter play!} Rg8 28. g3 Qb6+ {[%emt 0:07:27] Weighted Error Value: White=0.28 (precise) /Black=0.32.  Loses game:     	---       	Black=1      Missed win:     	White=1     	---        Inaccurate:     	White=2     	Black=1      OK:         	White=9     	Black=7      Best:        	---       	Black=2      Strong:       	---       	Black=1      Brilliant:      	---       	Black=1} 1/2-1/2

[Event "Fagernes Chess GM-Swiss 2024"]
[Site "Fagernes"]
[Date "2024.03.25"]
[Round "2"]
[White "Kistrup, Nicolai"]
[Black "Trost, Edvin"]
[Result "0-1"]
[ECO "B12"]
[WhiteElo "2324"]
[BlackElo "2432"]
[Annotator "TA"]
[PlyCount "56"]
[EventDate "2024.03.25"]
[EventType "swiss"]
[EventCountry "NOR"]
[SourceTitle "playchess.com"]
[Source "ChessBase"]
[SourceQuality "1"]
[TimeControl "40/6000+30:2400+30"]

1. e4 c6 2. d4 d5 3. e5 Bf5 4. Nd2 e6 5. Nb3 Qc7 6. Nf3 c5 7. Bb5+ Nc6 8. dxc5 {[%emt 0:02:11] The position is equal.} (8. Bxc6+ {feels hotter.} Qxc6 9. dxc5 Bxc5 10. Nfd4) 8... Bxc5 9. Bxc6+ bxc6 10. Nxc5 Qa5+ 11. c3 Qxc5 12. Nd4 Ne7 13. Be3 {[%emt 0:07:51] [#] Nxf5 would now be deadly.} Qc4 14. g4 ({Better is} 14. Qb3 $11 O-O 15. Qxc4 dxc4 16. Nxf5 Nxf5 17. O-O-O) 14... Bg6 {[%emt 0:06:44] With the idea ...c5.} 15. Qb3 Qa6 {[%emt 0:01:13] Inhibits Qb7.} 16. Bg5 (16. Qb4 $11) 16... Nc8 17. O-O-O $2 {[%emt 0:07:20] Now White is beyond hope.} (17. Qb4 $11 {and White stays safe.}) 17... O-O $19 {[%emt 0:04:56] aiming for ...c5.} 18. f4 c5 19. f5 cxd4 20. fxg6 dxc3 (20... fxg6 21. Rxd4 Nb6 22. Rb4) (20... hxg6 21. cxd4 Nb6 22. Kb1 $11) 21. gxh7+ Kh8 $1 {[%emt 0:01:02] [#] Strongly threatening ...Nb6.} 22. Kb1 cxb2 {[%emt 0:03:04] And now ...Nb6 would win.} (22... Kxh7 23. Qxc3 (23. bxc3 $2 Nb6 $19) 23... Nb6 24. Qg3 $17) 23. Qf3 $2 (23. Qe3 d4 (23... Kxh7 24. Bf6 $11) 24. Rxd4) 23... Nb6 (23... Kxh7 24. Bf6 $11) 24. Be7 (24. Bf6 $142 Nd7 (24... gxf6 25. Qxf6+ Kxh7 26. Qh4+ Kg8 27. Qg5+ Kh7 28. Qh4+ Kg8 29. Qg5+ Kh7 30. Qh4+ $11) (24... Kxh7 25. Bxg7 Qc4 26. Bxf8 $14) 25. Be7 Nxe5 26. Qg3) 24... Rfc8 {[%emt 0:04:40] Hoping for ...Na4.} 25. Bf6 Na4 {[%emt 0:00:29] ( -> ...Nc3+)} ({And not} 25... gxf6 26. Qxf6+ Kxh7 27. Qxf7+ Kh8 28. Qf6+ Kh7 29. Qe7+ Kg8 30. Qg5+ (30. Kxb2 {leads to mate.} Qe2+ 31. Kb1 Qe4+ 32. Ka1 Qxe5+ 33. Kb1 Rab8) (30. Qxe6+ Kh7 $11) 30... Kh7 31. Qh5+ Kg7 32. Qg5+ Kh7 33. Qe7+ Kh8 34. Qf6+ Kh7 35. Qh4+ Kg8 36. Qg5+ Kh7 $11) 26. Bxg7+ Kxh7 $1 27. Rd3 {[%emt 0:01:25] Against Nc3+} Qc4 28. Qd1 Kxg7 {[%emt 0:00:21] Weighted Error Value: White=1.11/Black=0.06 (flawless) .  Loses game:     	White=1     	---        Mistake:       	White=4     	---        Inaccurate:     	White=1     	Black=3      OK:         	White=6     	Black=10     Best:        	White=3     	Black=2      Strong:       	---       	Black=1} 0-1

[Event "Fagernes Chess GM-Swiss 2024"]
[Site "Fagernes"]
[Date "2024.03.25"]
[Round "2"]
[White "Vagman, Roy"]
[Black "Johansson, Linus"]
[Result "1/2-1/2"]
[ECO "C02"]
[WhiteElo "2311"]
[BlackElo "2427"]
[Annotator "TA"]
[PlyCount "24"]
[EventDate "2024.03.25"]
[EventType "swiss"]
[EventCountry "NOR"]
[SourceTitle "playchess.com"]
[Source "ChessBase"]
[SourceQuality "1"]
[TimeControl "40/6000+30:2400+30"]

1. e4 e6 2. d4 d5 3. e5 c5 4. c3 Nc6 5. Nf3 Qb6 6. Be2 cxd4 7. cxd4 Nh6 8. Nc3 Nf5 9. Na4 Qa5+ 10. Nc3 Qb6 {[%emt 0:05:00][%cal Rf5d4] The position is equal.} 11. Na4 Qa5+ 12. Nc3 Qb6 {[%emt 0:00:52] A rather calm draw.   Weighted Error Value: White=0.00 (flawless) /Black=0.00 (flawless) .  OK:         	White=1     	Black=1} 1/2-1/2

[Event "Fagernes Chess GM-Swiss 2024"]
[Site "Fagernes"]
[Date "2024.03.25"]
[Round "2"]
[White "Gandrud, Vegar Koi"]
[Black "Anishka Vikram"]
[Result "0-1"]
[ECO "E06"]
[WhiteElo "2293"]
[BlackElo "1995"]
[Annotator "RC"]
[PlyCount "80"]
[EventDate "2024.03.25"]
[EventType "swiss"]
[EventCountry "NOR"]
[SourceTitle "playchess.com"]
[Source "ChessBase"]
[SourceQuality "1"]
[TimeControl "40/6000+30:2400+30"]

1. d4 d5 2. c4 e6 3. Nf3 Nf6 4. g3 Be7 5. Bg2 O-O 6. O-O c6 7. b3 b6 8. Nc3 Ba6 9. a4 dxc4 10. Ne5 cxb3 11. Bxc6 Nxc6 12. Nxc6 Qc7 13. Nxe7+ Qxe7 14. Ba3 Qc7 15. Nb5 Bxb5 16. Bxf8 Be8 17. Ba3 Bxa4 18. Bb2 Qd7 19. Qd2 Bc6 20. Qb4 Bd5 21. f3 b5 22. Ra6 Qc8 23. Qa5 Qc2 24. Rxa7 Rf8 25. Ba3 Qxe2 26. Qb4 Re8 27. Re7 Rxe7 28. Qxe7 h6 29. Rf2 Qe1+ 30. Rf1 Qe3+ 31. Rf2 Bxf3 32. Qf8+ Kh7 33. Qxf7 Qe1+ 34. Rf1 Qe2 35. Rf2 Qd1+ 36. Rf1 Qxd4+ 37. Rf2 Qa1+ 38. Rf1 Qxa3 39. Rxf3 Qc1+ 40. Kg2 b2 0-1